 Dungeon Crawl Stone Soup version 0.18.1-50-g88ac8fd (webtiles) character file.

2268 Nordron the Transmogrifier (level 9, -1/74 HPs)
             Began as a Naga Transmuter on Sept 30, 2016.
             Slain by a centaur
             ... wielding a cursed -1 shortbow
              (8 damage)
             ... on level 7 of the Dungeon.
             The game lasted 00:49:06 (6591 turns).

Nordron the Transmogrifier (Naga Transmuter)        Turns: 6591, Time: 00:49:07

Health: -1/74      AC:  9    Str: 13    XL:     9   Next: 38%
Magic:  6/13       EV:  9    Int: 14    God:
Gold:   397        SH:  5    Dex: 20    Spells: 4 memorised, 2 levels left

rFire  . . .     SeeInvis +       - Unarmed
rCold  . . .     Gourm    .     b - +0 robe
rNeg   . . .     Faith    .     (shield currently unavailable)
rPois  +         Spirit   .     i - +1 hat
rElec  .         Dismiss  .     (no cloak)
rCorr  +         Reflect  +     (gloves currently unavailable)
SustAt .         Harm     .     J - +0 naga barding
MR     +....                    k - +5 amulet of reflection
Stlth  ++........               q - ring of Tension {rCorr *Corrode +Inv +Fly Dex+6}
                                (no ring)

@: blade hands, very slow, somewhat resistant to hostile enchantments,
unstealthy
A: see invisible, deformed body, poison resistance, slowness 2, slow metabolism
1, spit poison 2, AC +3
a: Spit Poison, End Transformation, Evoke Invisibility, Evoke Flight


You were on level 7 of the Dungeon.
You were not hungry.
You had blades for hands.
You visited 1 branch of the dungeon, and saw 7 of its levels.
You also visited: Sewer.

You collected 397 gold pieces.

Inventory:

Hand Weapons
 e - a +2 short sword of protection (melded)
 s - a +3 short sword
 v - a +1 dagger of electrocution
 w - a +2 hand crossbow of freezing
 F - a +3 dagger
 O - a +3 spear
 Q - a cursed -3 short sword
Missiles
 a - 146 arrows
Armour
 b - a +0 robe (worn)
 i - a +1 hat (worn)
 n - a +0 buckler (melded)
 o - a +0 pair of gloves (melded)
 y - a +0 large shield
 J - a +0 naga barding (worn)
Jewellery
 k - a +5 amulet of reflection (around neck)
 q - the ring of Tension (right scythe-like blade) {rCorr *Corrode +Inv +Fly Dex+6}
   (You took it off an orc on level 4 of the Dungeon)

   [ring of resist corrosion]

   It affects your dexterity (+6).
   It lets you turn invisible.
   It lets you fly.
   It may corrode you when you take damage.
Wands
 A - a wand of iceblast (5/15)
 P - a wand of slowing (28/48)
Scrolls
 f - a scroll of blinking {unknown}
 l - 2 scrolls of amnesia
 p - 4 scrolls of identify
 r - a scroll of magic mapping
 z - 2 scrolls of remove curse
 B - 3 scrolls of recharging {unknown}
 D - a scroll of enchant armour {unknown}
 H - 2 scrolls of random uselessness {unknown}
 K - a scroll of fear {unknown}
 L - a scroll of acquirement {unknown}
Potions
 j - 2 potions of flight {unknown}
 t - 3 potions of heal wounds
 u - 5 potions of curing {unknown}
 x - 2 potions of agility {unknown}
 G - a potion of berserk rage {unknown}
 I - 3 potions of haste {unknown}
 N - 2 potions of cancellation {unknown}
Books
 c - a book of Changes

   Spells                             Type                      Level
   a - Beastly Appendage              Transmutation                1
   b - Sticks to Snakes               Transmutation                2
   c - Spider Form                    Transmutation/Poison         3
   d - Ice Form                       Ice/Transmutation            4
   e - Blade Hands                    Transmutation                5
 g - a book of Spatial Translocations

   Spells                             Type                      Level
   a - Apportation                    Translocation                1
   b - Blink                          Translocation                2
   c - Shroud of Golubria             Charms/Translocation         2
   d - Portal Projectile              Translocation                3
   e - Teleport Other                 Translocation                3
   f - Passage of Golubria            Translocation                4
Comestibles
 d - 3 bread rations
 h - 2 meat rations
 C - 3 slices of pizza
 E - 3 royal jellies


   Skills:
 + Level 2.6 Fighting
 + Level 1.9 Armour
 + Level 2.6 Dodging
 - Level 2.4 Shields
 + Level 4.0 Unarmed Combat
 + Level 2.9 Spellcasting
 + Level 2.2 Translocations
 * Level 10.1 Transmutations


You had 2 spell levels left.
You knew the following spells:

 Your Spells              Type           Power        Failure   Level  Hunger
a - Beastly Appendage     Trmt           ####..       12%         1    #......
b - Spider Form           Trmt/Pois      ###.......   45%         3    ###....
c - Blink                 Tloc           N/A          54%         2    ##.....
d - Blade Hands           Trmt           ####......   50%         5    ######.


Dungeon Overview and Level Annotations

Branches:
Dungeon (7/15)
 Temple: D:4-7

Altars:
Ashenzari
Fedhas
Gozag
Makhleb
Okawaru
Ru
Trog
Xom

Annotations:
D:4 Eustachio


Innate Abilities, Weirdness & Mutations

You cannot wear boots.
Your serpentine skin is tough (AC +3).
You have supernaturally acute eyesight.
Armour fits poorly on your strangely shaped body.
Your system is resistant to poisons.
You cover ground very slowly.
You have a slow metabolism.
You can spit poison.


Message History

The orc priest hits you but does no damage.
Drink which item? (? for menu, Esc to quit)
You feel much better. You block the orc wizard's attack.
The centaur barely misses you. The adder skeleton barely misses you.
The orc wizard hits you but does no damage.
The orc wizard barely misses you. You block the orc's attack.
The orc wizard hits you with a dagger.
* * * LOW HITPOINT WARNING * * *
Beogh smites you!
* * * LOW HITPOINT WARNING * * *
The orc priest misses you.
You slice the orc priest!!
You kill the orc priest!
The centaur hits you with a shortbow.
* * * LOW HITPOINT WARNING * * *
The adder skeleton bites you but does no damage.
The orc wizard gestures at you while chanting.
You resist with almost no effort. The orc wizard closely misses you.
The orc wizard barely misses you. The centaur hits you with a shortbow!
You die...

.##. #... #..# #§.# #§§#
###############§§#
..............§§§#######
###############cZo......
####### #§@##### .......
.....ooooo§.... .......
.....§§oo§§.... ####(..
#....§o.§§§.... .
#........§..###
#......#...... #......
....#.# #.....# #.###.#


You could see a centaur, an orc priest, 3 orc wizards, 4 orcs and an adder
skeleton.

Vanquished Creatures
  Menkaure (D:4)
  A water moccasin (D:7)
  3 phantoms
  2 sky beasts
  4 ogres
  2 giant frogs (D:6)
  3 crimson imps
  A hound (D:4)
  A quasit (D:6)
  A giant frog zombie (D:4)
  An orc priest (D:7)
  4 orc wizards
  5 iguanas
  7 worker ants
  A hound zombie (D:7)
  7 gnolls (D:3)
  6 river rats
  14 adders
  2 oozes (D:2)
  2 adder skeletons
  2 worms (D:4)
  2 dart slugs
  2 giant geckos
  11 orcs
  4 ball pythons
  3 giant cockroaches
  9 goblins
  8 hobgoblins
  6 jackals
  4 quokkas
  2 bats (D:1)
  2 giant gecko skeletons
  5 giant newts
  A jackal skeleton (D:6)
  22 kobolds
  A quokka zombie (D:5)
  24 rats
176 creatures vanquished.

Vanquished Creatures (others)
  A centaur (D:6)
1 creature vanquished.

Grand Total: 177 creatures vanquished

Notes
Turn   | Place    | Note
--------------------------------------------------------------
     0 | D:1      | Nordron the Naga Transmuter began the quest for the Orb.
     0 | D:1      | Reached XP level 1. HP: 18/18 MP: 3/3
   108 | D:1      | Reached XP level 2. HP: 25/25 MP: 0/5
   325 | D:1      | Reached skill level 3 in Transmutations
   488 | D:2      | Reached XP level 3. HP: 31/31 MP: 6/6
   708 | D:2      | Reached skill level 4 in Transmutations
   903 | D:2      | Reached XP level 4. HP: 29/38 MP: 7/7
  1605 | D:3      | Learned a level 3 spell: Spider Form
  1708 | D:3      | Found a bloodstained altar of Trog.
  1710 | D:3      | Found an iron altar of Okawaru.
  1736 | D:3      | Reached skill level 5 in Transmutations
  1736 | D:3      | Reached XP level 5. HP: 23/44 MP: 5/8
  2104 | D:4      | Found a glowing drain.
  2161 | Sewer    | Entered a sewer
  2251 | Sewer    | Reached skill level 6 in Transmutations
  2261 | Sewer    | Reached XP level 6. HP: 49/51 MP: 9/9
  2764 | D:4      | Noticed a phantom
  2803 | D:4      | Noticed a phantom
  2852 | D:4      | Reached skill level 7 in Transmutations
  2873 | D:4      | Found an opulent altar of Gozag.
  2877 | D:4      | Killed a phantom
  2877 | D:4      | Reached skill level 1 in Shields
  2877 | D:4      | Reached XP level 7. HP: 23/57 MP: 10/10
  3072 | D:4      | Found a shattered altar of Ashenzari.
  3157 | D:4      | Got a slimy pewter ring
  3258 | D:4      | Identified the ring of Tension {rCorr *Corrode +Inv +Fly Dex+6} (You took it off an orc on level 4 of the Dungeon)
  3267 | D:4      | Learned a level 2 spell: Blink
  3421 | D:4      | Reached skill level 8 in Transmutations
  3616 | D:4      | Noticed Eustachio
  3623 | D:4      | Noticed Menkaure
  3687 | D:4      | Killed Menkaure
  3687 | D:4      | Reached XP level 8. HP: 15/64 MP: 11/11
  4084 | D:4      | Found a burning altar of Makhleb.
  4219 | D:4      | Found a blossoming altar of Fedhas.
  4328 | D:5      | Entered Level 5 of the Dungeon
  4630 | D:5      | Found a shimmering altar of Xom.
  4795 | D:5      | Reached skill level 9 in Transmutations
  4830 | D:5      | Learned a level 5 spell: Blade Hands
  4978 | D:5      | Found a sacrificial altar of Ru.
  5440 | D:6      | Reached skill level 1 in Armour
  5476 | D:6      | Reached skill level 1 in Translocations
  5587 | D:6      | Reached XP level 9. HP: 53/73 MP: 12/12
  5944 | D:6      | Reached skill level 10 in Transmutations
  6591 | D:7      | Slain by a centaur

Skill      XL: |  1  2  3  4  5  6  7  8  9 |
---------------+----------------------------+-----
Transmutations | 3 4 5 6 7 8 9 10 | 10.1
Shields        | 1 2 |  2.4
Armour         | 1 |  1.9
Dodging        | 2 |  2.6
Translocations | 1 2 |  2.2
Fighting       | 2 |  2.6
Unarmed Combat | 4 |  4.0
Spellcasting   | |  2.9

Action                   |  1- 3 |  4- 6 |  7- 9 || total
-------------------------+-------+-------+-------++-------
Melee: Short sword       |    79 |   295 |   357 ||   731
       Headbutt          |     7 |    29 |    75 ||   111
       Punch             |     1 |       |       ||     1
       Unarmed           |       |       |     4 ||     4
 Cast: Beastly Appendage |    20 |    38 |    45 ||   103
       Blink             |       |       |     1 ||     1
       Blade Hands       |       |       |     1 ||     1
 Abil: Spit Poison       |     5 |    36 |    53 ||    94
  Use: Scroll            |     3 |       |     5 ||     8
       Potion            |       |     2 |     2 ||     4
  Eat: Chunk             |       |     9 |    15 ||    24
Armor: Robe              |    33 |   136 |   135 ||   304
Dodge: Dodged            |    40 |   132 |   103 ||   275
Block: Other             |    18 |    11 |     4 ||    33
       Buckler           |       |    94 |   150 ||   244
       Reflection        |       |     2 |     4 ||     6
